 Dungeon Crawl Stone Soup version 0.24.0-1-gfbc8707122 (webtiles) character file.

Game seed: 9468140640508447276, levelgen mode: classic

101756 EnegeticOcto the Severer (level 15, -35/138 HPs)
             Began as a Minotaur Fighter on Oct 27, 2019.
             Was the Champion of Ru.
             Killed from afar by Nikola (38 damage)
             ... with a chain lightning
             ... on level 2 of the Snake Pit.
             The game lasted 00:21:22 (26944 turns).

EnegeticOcto the Severer (Minotaur Fighter)        Turns: 26944, Time: 00:21:22

Health: -35/138    AC: 27    Str: 26    XL:     15   Next: 84%
Magic:  5/12       EV: 13    Int:  5    God:    Ru [******]
Gold:   1535       SH: 20    Dex: 11    Spells: 14/14 levels left

rFire    + . .     SeeInvis .   H - +3 war axe
rCold    . . .     Gourm    .   F - +2 shield
rNeg     . . .     Faith    .   J - +4 plate armour {rF+}
rPois    .         Spirit   .   (helmet restricted)
rElec    .         Reflect  +   r - +0 cloak
rCorr    .         Harm     .   q - +0 pair of gloves
MR       +....                  p - +0 pair of boots {Stlth+}
Stlth    ..........             C - +5 amulet of reflection
HPRegen  0.33/turn              u - +2 ring of evasion
MPRegen  0.13/turn              i - +3 ring of protection

@: exhausted, studying Slings, heavily drained
A: retaliatory headbutt, horns 2, low mp 1, no stealth, inability to use
devices, no earth magic, no necromancy magic, no summoning magic, inexperienced
1
a: Draw Out Power, Power Leap, Apocalypse, Renounce Religion


You were on level 2 of the Snake Pit.
You worshipped Ru.
Ru was exalted by your worship.
You were not hungry.

You visited 5 branches of the dungeon, and saw 26 of its levels.
You also visited: Gauntlet.

You collected 2256 gold pieces.
You spent 721 gold pieces at shops.

Inventory:

Hand Weapons
 a - a +0 war axe
 H - a +3 war axe (weapon)
Missiles
 y - 3 throwing nets (quivered) {!f}
Armour
 p - a +0 pair of boots of stealth (worn)
 q - a +0 pair of gloves (worn)
 r - a +0 cloak (worn)
 F - a +2 shield (worn)
 J - a +4 plate armour of fire resistance (worn)
Jewellery
 c - the amulet "Ewiblank" {Harm *Drain MR++ Dex-3}
   (You found it in a Gauntlet)

   [amulet of harm]

   It increases damage dealt and taken.
   It affects your dexterity (-3).
   It affects your resistance to hostile enchantments.
   It causes draining when unequipped.
 i - a +3 ring of protection (right hand)
 u - a +2 ring of evasion (left hand)
 C - a +5 amulet of reflection (around neck)
 D - an uncursed ring of protection from fire
Scrolls
 g - 4 scrolls of teleportation {@r3 !r}
 h - 5 scrolls of amnesia
 j - a scroll of blinking {@r4}
 m - 2 scrolls of magic mapping {@r5 !r}
 o - 5 scrolls of fog {!r}
 t - 2 scrolls of enchant weapon
 v - 9 scrolls of remove curse {@r2}
 w - 4 scrolls of fear {!r}
 A - 2 scrolls of summoning
 B - 5 scrolls of immolation
 G - a scroll of vulnerability
 K - a scroll of holy word
 N - 9 scrolls of identify {@r1}
Potions
 b - 2 potions of mutation
 d - 2 potions of might {@q3 !q}
 f - a potion of flight
 k - 2 potions of agility {@q5 !q}
 l - 8 potions of degeneration
 n - 2 potions of haste {@q4 !q}
 x - 3 potions of curing {@q1 !q}
 z - 5 potions of brilliance
 E - 4 potions of cancellation
 L - 2 potions of berserk rage
 O - a potion of resistance
 P - a potion of invisibility
 Q - a potion of lignification {@q6}
Books
 I - a manual of Slings
Comestibles
 e - 28 rations
 s - 6 chunks of flesh


   Skills:
 + Level 14.2(12.0) Fighting
 * Level 18.7(16.3) Axes
 + Level 14.1(11.9) Armour
 + Level 12.7(10.6) Dodging
 + Level 14.0(11.8) Shields
   Level 0.0 Evocations


You had 14 spell levels left.
You didn't know any spells.
Your spell library contained the following spells:

 Spells                   Type           Power        Failure   Level  Hunger
 Beastly Appendage        Tmut           #.....       100%        1    ##.....
 Confusing Touch          Hex            #.....       100%        1    ##.....
 Corona                   Hex            #......      100%        1    ##.....
 Magic Dart               Conj           #...         100%        1    ##.....
 Shock                    Conj/Air       #...         100%        1    ##.....
 Blink                    Tloc           N/A          100%        2    ###....
 Ensorcelled Hibernation  Hex/Ice        #.....       100%        2    ###....
 Slow                     Hex            #.......     100%        2    ###....
 Sticks to Snakes         Tmut           #.......     100%        2    ###....
 Swiftness                Chrm/Air       #.......     100%        2    ###....
 Confuse                  Hex            #.......     100%        3    ####...
 Conjure Flame            Conj/Fire      #.......     100%        3    ####...
 Dazzling Spray           Conj/Hex       #.....       100%        3    ####...
 Gell's Gravitas          Tloc           #.........   100%        3    ####...
 Mephitic Cloud           Conj/Pois/Air  #.......     100%        3    ####...
 Spider Form              Tmut/Pois      #.........   100%        3    ####...
 Static Discharge         Conj/Air       #.......     100%        3    ####...
 Tukima's Dance           Hex            #.......     100%        3    ####...
 Airstrike                Air            #.........   100%        4    #####..
 Ice Form                 Ice/Tmut       #.......     100%        4    #####..
 Blade Hands              Tmut           #.........   100%        5    ######.
 Lightning Bolt           Conj/Air       #.........   100%        5    ######.
 Metabolic Englaciation   Hex/Ice        #.........   100%        5    ######.
 Yara's Violent Unravell  Hex/Tmut       #.........   100%        5    ######.
 Call Imp                 Summ           Unusable     N/A         2    N/A
 Petrify                  Tmut/Erth      Unusable     N/A         4    N/A

Dungeon Overview and Level Annotations

Branches:
Dungeon (15/15)            Temple (1/1) D:4            Lair (6/6) D:9
  Swamp (0/4) Lair:2        Snake (2/4) Lair:4        Slime (0/5) Lair:5
    Orc (2/2) D:10            Elf (0/3) Orc:2        Vaults (0/5) D:14
 Depths (0/5) D:15        Gauntlet (visited)

Altars:
Ashenzari
Cheibriados
Dithmenos
Elyvilon
Fedhas
Gozag
Hepliaklqana
Kikubaaqudgha
Makhleb
Nemelex Xobeh
Okawaru
Qazlal
Ru
Sif Muna
Trog
Uskayaw
Vehumet
Wu Jian
Xom
Yredelemnul
Zin
The Shining One
Beogh
Lugonu

Shops:
D:7 (   D:9 [   Orc:2 (:[*   Snake:1 }

Portals:
Trove: D:12 (give 6 potions of haste)

Annotations:
Snake:2 1 transporter, Nikola


Innate Abilities, Weirdness & Mutations

You reflexively headbutt those who attack you in melee.
You have a pair of horns on your head.
Your magical capacity is low. (-10% MP)
You cannot be stealthy.
You cannot study or use magical devices.
You cannot study or cast Earth magic.
You cannot study or cast Necromancy magic.
You cannot study or cast Summoning magic.
You are somewhat inexperienced. (-2 XL)


Message History

Found a plate armour.
The anaconda closely misses you. You furiously retaliate!
You headbutt the anaconda!!
The anaconda bites you but does no damage.
You slash the anaconda! You headbutt the anaconda.
The anaconda is severely wounded.
You block the anaconda's attack. x2; The anaconda grabs you.
The anaconda bites you but does no damage.
The anaconda constricts you.
You barely miss the anaconda.
The anaconda is severely wounded.
The anaconda is stunned by your will and fails to attack.
The anaconda constricts you.
You miss the anaconda. You headbutt the anaconda!
The anaconda is almost dead.
You block the anaconda's attack. The anaconda constricts you.
You slice the anaconda!!
You kill the anaconda!
No target in view!
No target in view!
No target in view!
Nikola the Mad Inventor comes into view.
He is wielding a +1 rapier of electrocution and wearing a +0 cloak of invisibility.
Found a paperback book.
You reveal the great annihilating truth to your foes!
You feel drained.
You hear an angry hiss.
You hear a shout! x5
Nikola casts a spell.
You hear a mighty clap of thunder!
The lightning arc hits you!!
The lightning arc hits Nikola.
The lightning arc hits you!!
The lightning arc hits Nikola.
The lightning arc hits you!
The lightning arc hits Nikola.
The lightning arc hits you!
Nikola casts a spell.
Nikola blinks!
Nikola raves, "Can you feel it? Can you feel it?
CAN YOU FEEL IT?"
You block Nikola's attack.
You hit Nikola but do no damage.
Nikola is heavily wounded.
Nikola begins to cast a spell, but is stunned by your will!
You slash Nikola!
Nikola is heavily wounded.
You block Nikola's attack.
You barely miss Nikola.
Nikola is heavily wounded.
You slice Nikola!! Your headbutt misses Nikola.
Nikola is severely wounded.
Nikola hits you but does no damage.
You are electrocuted!
You are too injured to fight recklessly!
You are too injured to fight recklessly!
You are too injured to fight recklessly!
You are too injured to fight recklessly!
You are too injured to fight recklessly!
You are too injured to fight recklessly!
You are too injured to fight recklessly!
Okay, then.
Your plate armour prevents you from hitting Nikola.
Your headbutt misses Nikola.
Nikola is heavily wounded.
Nikola hits you but does no damage.
You hit Nikola but do no damage.
Nikola is heavily wounded.
A black mamba comes into view.
The black mamba hisses angrily.
You hit Nikola. You headbutt Nikola.
Nikola is severely wounded.
Nikola hits you but does no damage.
You are electrocuted!
* * * LOW HITPOINT WARNING * * *
Your shield and plate armour prevent you from hitting Nikola.
Your headbutt misses Nikola.
Nikola is severely wounded.
You hit Nikola. Your headbutt misses Nikola.
Nikola is severely wounded.
You closely miss the black mamba.
Nikola casts a spell.
You hear a mighty clap of thunder!
The lightning arc hits the black mamba!!
The lightning arc hits you!
* * * LOW HITPOINT WARNING * * *
The lightning arc hits the black mamba!!
The black mamba dies!
The lightning arc hits you!!
* * * LOW HITPOINT WARNING * * *
The lightning arc hits Nikola.
You slice Nikola!!
Nikola is severely wounded.
Nikola begins to cast a spell, but is stunned by your will!
You slash Nikola!
Nikola is almost dead.
Nikola begins to cast a spell, but is stunned by your will!
You closely miss Nikola.
Nikola is almost dead.
You hit Nikola.
Nikola is almost dead.
You block Nikola's attack.
You slash Nikola!
Nikola is almost dead.
Nikola mumbles some strange words.
You hear a mighty clap of thunder!
The lightning arc hits you!!!
You die...

.....(#..)........#
......#...........#
.#######..........#
.###......[......# ###
#................########
#......................:©
#........................
###.............@........
#.............@......#
#.<............†.....#
#.....####.#'##..#+###
#.....# #.#..#.......#
#.....# #.#..#....##.#
#....#....# ###..#....#
#..###..# #... ..#


You could see Nikola.

Vanquished Creatures
  An orc warlord (Orc:2)
  Aizul (Snake:2)
  An emperor scorpion (D:15)
  A minotaur (Gauntlet)
  A fire dragon (D:15)
  Josephine (D:11)
  Harold (D:7)
  A hell beast (Gauntlet)
  5 hydras
  2 naga warriors (Snake:2)
  3 centaur warriors
  A death knight (D:11)
  Erica (Lair:1)
  A catoblepas (Lair:6)
  A tengu warrior (D:15)
  3 anacondas
  8 death yaks
  2 two-headed ogres
  5 orc high priests
  3 shock serpents (Snake:2)
  A salamander mystic (Snake:2)
  An unseen horror (D:11)
  4 skeletal warriors (D:11)
  A lindwurm (Lair:6)
  A phantasmal warrior (D:11)
  8 orc knights
  2 wizards
  2 deep elf magi
  7 salamanders
  6 orc sorcerers (Orc:2)
  Joseph (D:7)
  4 cyclopes
  A manticore (Lair:6)
  13 ugly things
  A guardian serpent (Snake:2)
  2 naga magi (Snake:2)
  18 spiny frogs
  11 black mambas
  A torpor snail (Lair:6)
  An eye of devastation (shapeshifter) (D:14)
  A smoke demon (Gauntlet)
  3 rime drakes
  A centaur skeleton (D:15)
  8 komodo dragons
  A red devil (Gauntlet)
  4 trolls
  A wind drake (shapeshifter) (D:15)
  2 polar bears
  Prince Ribbit (D:7)
  16 blink frogs
  8 slime creatures (D:12)
  5 dream sheep (Lair:4)
  7 hippogriffs
  4 wraiths (D:11)
  A spriggan (Lair:2)
  Sigmund (D:2)
  A vampire (D:10)
  3 wyverns
  30 yaks
  4 vampire mosquitoes (D:13)
  5 basilisks
  4 hungry ghosts
  Menkaure (D:7)
  9 nagas
  6 wargs
  3 acid dragons (D:12)
  A warg (shapeshifter) (D:14)
  2 soldier ants
  21 water moccasins
  8 porcupines
  A hell hound (Gauntlet)
  A floating eye (shapeshifter) (D:15)
  43 orc warriors
  A black bear (Lair:2)
  7 ice beasts
  3 sky beasts
  13 ogres
  2 phantoms
  2 necrophages
  2 eyes of draining
  2 black bears (shapeshifter)
  14 wolves
  5 centaurs
  11 crocodiles
  3 big kobolds
  19 bullfrogs
  A wyvern skeleton (D:11)
  4 scorpions
  16 killer bees
  5 wights (D:10)
  An electric eel (Lair:2)
  4 howler monkeys
  10 crimson imps
  2 centaur zombies
  2 bullfrog skeletons
  7 hounds
  7 jellies
  31 orc priests
  Crazy Yiuf (D:3)
  29 orc wizards
  4 iguanas
  10 worker ants
  A howler monkey zombie (D:5)
  A worker ant zombie (D:11)
  A gnoll (D:6)
  18 adders
  4 shadow imps
  3 oozes
  An adder zombie (D:6)
  An adder skeleton (D:9)
  A worm (D:2)
  A dart slug (D:3)
  A leopard gecko (D:8)
  86 orcs
  A ball python (D:1)
  10 bats
  4 giant cockroaches
  7 goblins
  14 hobgoblins
  11 jackals
  4 quokkas
  6 frilled lizards
  2 gnoll zombies (D:5)
  18 kobolds
  9 rats
  5 fungi
  6 plants
770 creatures vanquished.

Vanquished Creatures (others)
  Snorg (Lair:5)
  A centaur warrior (D:13)
  A tengu warrior (D:15)
  A skeletal warrior (D:11)
  A manticore (Lair:6)
  A cyclops (D:12)
  A black mamba (Snake:2)
  A centaur skeleton (D:14)
  2 hippogriffs
  A wraith (D:11)
  2 yaks
  2 centaurs
  4 orcs
  7 fungi
  6 plants
32 creatures vanquished.

Grand Total: 802 creatures vanquished

Notes
Turn   | Place    | Note
-------+----------+-------------------------------------------
     0 | D:1      | EnegeticOcto the Minotaur Fighter began the quest for the
                  | Orb.
     0 | D:1      | Reached XP level 1. HP: 19/19 MP: 0/0
    37 | D:1      | Reached XP level 2. HP: 27/27 MP: 1/1
   194 | D:1      | Reached skill level 3 in Axes
   199 | D:1      | Reached skill level 1 in Dodging
   311 | D:1      | Reached XP level 3. HP: 33/33 MP: 2/2
   682 | D:2      | Noticed Sigmund
   693 | D:2      | Killed Sigmund
   693 | D:2      | Reached skill level 4 in Axes
   693 | D:2      | Reached XP level 4. HP: 29/41 MP: 3/3
   693 | D:2      | Reached XP level 5. HP: 33/47 MP: 4/4
  1106 | D:2      | Found a white marble altar of Elyvilon.
  1533 | D:3      | Reached XP level 6. HP: 49/53 MP: 5/5
  1756 | D:3      | Found a shimmering altar of Xom.
  1756 | D:3      | Found a shimmering altar of Xom.
  1757 | D:3      | Found a shimmering altar of Xom.
  1764 | D:3      | Found a shimmering altar of Xom.
  1765 | D:3      | Found a hide-covered altar of Uskayaw.
  1765 | D:3      | Found a shimmering altar of Xom.
  1766 | D:3      | Found a shimmering altar of Xom.
  1807 | D:3      | Found a runed translucent door.
  1808 | D:3      | Noticed Crazy Yiuf
  1919 | D:3      | Reached skill level 5 in Axes
  2163 | D:3      | Killed Crazy Yiuf
  2318 | D:4      | Found an opulent altar of Gozag.
  2327 | D:4      | Reached skill level 5 in Fighting
  2340 | D:4      | Reached skill level 5 in Shields
  2460 | D:4      | Found a glowing golden altar of the Shining One.
  2490 | D:4      | Reached skill level 5 in Armour
  2585 | D:4      | Reached XP level 7. HP: 61/61 MP: 6/6
  2649 | D:4      | Found a staircase to the Ecumenical Temple.
  2677 | Temple   | Entered the Ecumenical Temple
  2857 | Temple   | Became a worshipper of Ru the Awakened
  2910 | D:4      | Reached skill level 6 in Axes
  2957 | D:4      | Found a shimmering blue altar of Sif Muna.
  3283 | D:5      | Entered Level 5 of the Dungeon
  3376 | D:5      | Found a basalt altar of Yredelemnul.
  3560 | D:5      | Found a radiant altar of Vehumet.
  3762 | D:5      | Found a glowing golden altar of the Shining One.
  3763 | D:5      | Found a blossoming altar of Fedhas.
  4074 | D:6      | Reached XP level 8. HP: 30/70 MP: 7/7
  4281 | D:6      | Reached skill level 7 in Axes
  4333 | D:6      | Gained mutation: You are somewhat inexperienced. (-2 XL)
                  | [Ru sacrifice]
  4333 | D:6      | Reached XP level 7. HP: 63/63 MP: 6/6
  4333 | D:6      | Reached XP level 6. HP: 57/57 MP: 5/5
  4333 | D:6      | Reached * piety under Ru
  4333 | D:6      | Reached ** piety under Ru
  4395 | D:6      | Reached XP level 7. HP: 44/63 MP: 6/6
  4599 | D:6      | Reached skill level 8 in Axes
  4789 | D:6      | Found a snail-covered altar of Cheibriados.
  4799 | D:6      | Reached skill level 5 in Dodging
  4846 | D:6      | Reached XP level 8. HP: 71/71 MP: 7/7
  5203 | D:6      | Found a glowing silver altar of Zin.
  5458 | D:7      | Noticed Prince Ribbit
  5472 | D:7      | Killed Prince Ribbit
  5649 | D:7      | Reached skill level 9 in Axes
  5703 | D:7      | Noticed Joseph
  5719 | D:7      | Killed Joseph
  5735 | D:7      | Noticed Harold
  5735 | D:7      | Noticed Menkaure
  5750 | D:7      | Killed Menkaure
  5750 | D:7      | Reached skill level 1 in Evocations
  5750 | D:7      | Reached XP level 9. HP: 38/79 MP: 8/8
  5750 | D:7      | Killed Harold
  6029 | D:7      | Found Sonar's Antique Weapon Shop.
  6059 | D:7      | Found a shadowy altar of Dithmenos.
  6561 | D:8      | Gained mutation: You cannot study or use magical devices.
                  | [Ru sacrifice]
  6561 | D:8      | Reached *** piety under Ru
  6561 | D:8      | Reached **** piety under Ru
  6826 | D:8      | Reached skill level 10 in Axes
  7493 | D:9      | Found a shattered altar of Ashenzari.
  7679 | D:9      | Found a burning altar of Makhleb.
  7710 | D:9      | Found Ahapsur's Armour Boutique.
  7755 | D:9      | Found a staircase to the Lair.
  7846 | D:10     | Entered Level 10 of the Dungeon
  7945 | D:10     | Reached XP level 10. HP: 88/88 MP: 9/9
  8329 | D:10     | Gained mutation: You cannot study or cast Earth magic. [Ru
                  | sacrifice]
  8329 | D:10     | Gained mutation: You cannot study or cast Necromancy magic.
                  | [Ru sacrifice]
  8329 | D:10     | Gained mutation: You cannot study or cast Summoning magic.
                  | [Ru sacrifice]
  8329 | D:10     | Reached ***** piety under Ru
  8581 | D:10     | Reached skill level 11 in Axes
  8907 | D:10     | Found a staircase to the Orcish Mines.
  9152 | D:10     | Found a roughly hewn altar of Beogh.
  9241 | D:9      | Bought a +2 plate armour of fire resistance for 480 gold
                  | pieces
  9389 | D:11     | Noticed a skeletal warrior
  9389 | D:11     | Noticed a skeletal warrior
  9391 | D:11     | Noticed a skeletal warrior
  9392 | D:11     | Noticed a skeletal warrior
  9392 | D:11     | Noticed a skeletal warrior
  9397 | D:11     | Killed a skeletal warrior
  9398 | D:11     | Killed a skeletal warrior
  9407 | D:11     | Killed a skeletal warrior
  9413 | D:11     | Killed a skeletal warrior
  9413 | D:11     | Reached skill level 12 in Axes
  9413 | D:11     | Reached XP level 11. HP: 56/97 MP: 2/10
  9418 | D:11     | Killed a skeletal warrior
  9461 | D:11     | Killed an unseen horror
  9768 | D:11     | Noticed a death knight
  9792 | D:11     | Noticed a phantasmal warrior
  9793 | D:11     | Killed a death knight
  9811 | D:11     | Killed a phantasmal warrior
  9838 | D:11     | Noticed a seven-headed hydra
  9840 | D:11     | Killed a seven-headed hydra
 10086 | D:11     | Noticed Josephine
 10102 | D:11     | Killed Josephine
 10102 | D:11     | Reached skill level 10 in Fighting
 10102 | D:11     | Reached skill level 13 in Axes
 10307 | D:11     | Reached skill level 10 in Armour
 10307 | D:11     | Reached skill level 10 in Shields
 10483 | D:11     | Gained mutation: Your magical capacity is low. (-10% MP)
                  | [Ru sacrifice]
 10763 | Orc:1    | Entered Level 1 of the Orcish Mines
 10779 | Orc:1    | Noticed an orc high priest
 10782 | Orc:1    | Noticed an orc knight
 10787 | Orc:1    | Killed an orc knight
 10789 | Orc:1    | Killed an orc high priest
 11000 | Orc:2    | Entered Level 2 of the Orcish Mines
 11000 | Orc:2    | Noticed an orc knight
 11000 | Orc:2    | Noticed an orc sorcerer
 11000 | Orc:2    | Noticed an orc sorcerer
 11001 | Orc:2    | Killed an orc sorcerer
 11001 | Orc:2    | Reached XP level 12. HP: 107/107 MP: 9/9
 11015 | Orc:1    | Noticed an orc high priest
 11061 | Orc:1    | Killed an orc high priest
 11112 | Orc:1    | Reached skill level 14 in Axes
 11460 | Orc:1    | Found a roughly hewn altar of Beogh.
 11853 | Orc:2    | Gained mutation: You cannot be stealthy. [Ru sacrifice]
 11853 | Orc:2    | Reached ****** piety under Ru
 11870 | Orc:2    | Noticed an orc high priest
 11874 | Orc:2    | Noticed an orc high priest
 11877 | Orc:2    | Killed an orc high priest
 12176 | Orc:2    | Killed an orc high priest
 12226 | Orc:2    | Noticed an orc high priest
 12256 | Orc:2    | Killed an orc high priest
 12750 | Orc:2    | Reached skill level 10 in Dodging
 12750 | Orc:2    | Reached XP level 13. HP: 91/116 MP: 10/10
 13123 | Orc:2    | Noticed an orc warlord
 13133 | Orc:2    | Reached skill level 15 in Axes
 13135 | Orc:2    | Killed an orc warlord
 13280 | Orc:2    | Found Weottek's Antique Armour Emporium.
 13281 | Orc:2    | Found Teibla's Antique Weapon Shoppe.
 13282 | Orc:2    | Found Wodghay's General Store.
 13282 | Orc:2    | Found Efu Diat's Book Emporium.
 13286 | Orc:2    | Bought a scroll of teleportation for 39 gold pieces
 13298 | Orc:2    | Bought a pair of glowing boots for 202 gold pieces
 13422 | Orc:2    | Found a staircase to the Elven Halls.
 13572 | Lair:1   | Entered Level 1 of the Lair of Beasts
 13614 | Lair:1   | Found a gate leading to a gauntlet.
 13619 | Gauntlet | Entered a Gauntlet
 13619 | Gauntlet | Found a transporter.
 13629 | Gauntlet | Found a transporter.
 13637 | Gauntlet | Found a transporter.
 13639 | Gauntlet | Found a transporter.
 13647 | Gauntlet | Found a runed translucent door.
 13650 | Gauntlet | Found a transporter.
 13665 | Gauntlet | Found a transporter.
 13675 | Gauntlet | Found a transporter.
 13685 | Gauntlet | Found a transporter.
 13686 | Gauntlet | Noticed a balrug
 13697 | Gauntlet | Found a transporter.
 13711 | Gauntlet | Found a transporter.
 13719 | Gauntlet | Found a runed translucent door.
 13721 | Gauntlet | Found a transporter.
 13722 | Gauntlet | Found a transporter.
 13723 | Gauntlet | Found a runed translucent door.
 13758 | Gauntlet | Found a transporter.
 13784 | Gauntlet | Found a transporter.
 14078 | Gauntlet | Got a warped golden amulet
 14114 | Gauntlet | Noticed a minotaur
 14125 | Gauntlet | Killed a minotaur
 14852 | Lair:1   | Noticed Erica
 14863 | Lair:1   | Killed Erica
 15134 | Lair:1   | Identified the amulet "Ewiblank" {Harm *Drain MR++ Dex-3}
                  | (You found it in a Gauntlet)
 15835 | Lair:2   | Found a staircase to the Swamp.
 16222 | Lair:3   | You fall into a shaft and drop 1 floor!
 16452 | Lair:4   | Found a staircase to the Snake Pit.
 16457 | Lair:4   | Reached skill level 16 in Axes
 17823 | Lair:4   | Reached XP level 14. HP: 127/127 MP: 11/11
 18213 | Lair:5   | Noticed Snorg
 18215 | Lair:5   | You fall into a shaft and drop 1 floor!
 18215 | Lair:6   | Entered Level 6 of the Lair of Beasts
 18898 | Lair:6   | Reached skill level 17 in Axes
 19633 | Lair:6   | Got a warped diamond amulet
 19640 | Lair:6   | Identified the amulet of Gavamm {Faith rC+ Str+4 Int-5}
                  | (You found it on level 6 of the Lair of Beasts)
 19797 | Lair:5   | Killed Snorg
 19904 | Lair:5   | Found a staircase to the Slime Pits.
 21286 | D:12     | Found a portal to a secret trove of treasure.
 22022 | D:13     | Reached XP level 15. HP: 136/136 MP: 12/12
 23372 | D:14     | Found a gate to the Vaults.
 23565 | D:14     | Reached skill level 18 in Axes
 23722 | D:15     | Entered Level 15 of the Dungeon
 24043 | D:15     | Found a staircase to the Depths.
 25552 | Snake:1  | Entered Level 1 of the Snake Pit
 25717 | Snake:1  | Found Hememew's Gadget Shoppe.
 26218 | Snake:2  | Found a transporter.
 26235 | Snake:2  | Noticed Aizul
 26260 | Snake:2  | Killed Aizul
 26268 | Snake:2  | HP: 5/138 [something (17)]
 26926 | Snake:2  | Noticed Nikola
 26939 | Snake:2  | HP: 2/138 [Nikola/chain lightning (22)]
 26944 | Snake:2  | Killed from afar by Nikola

Levels and vault maps discovered:
D:1:      dpeg_arrival_orchard, layout_basic
D:2:      layout_loops_ring, elyvilon_altar_3, uniq_sigmund
D:3:      layout_loops_ring, xom_redecorated, old_standard_altar, first_ration,
          minmay_misc_feat_nine_boxes, uniq_crazy_yiuf_cottage
D:4:      layout_basic, led_sif_pool, nicolae_gozag_seed_capital,
          temple_doors_ab, tso_metal_star
D:5:      layout_basic, lemuel_zombie_altar_yredelemnul, lemuel_crystal_altar,
          nicolae_overflow_hidden_temple, minmay_misc_feat_tiny,
          hangedman_decor_riveting, abandoned_shop
D:6:      layout_cave_pods, zin_treasury, old_standard_altar, st_stairs_13,
          kennysheep_generic_room_12
D:7:      layout_gridville, marbit_many_paths, serial_shops, nicolae_shop_trees,
          uniq_joseph, uniq_menkaure, uniq_harold, uniq_prince_ribbit1
D:8:      layout_gridville
D:9:      layout_roguey, old_standard_altar, makhleb_grotto_becter,
          lair_entry_dummy, serial_shops, shop
D:10:     layout_basic, minmay_orc_entry_temple_small
D:11:     layout_irregular_city, uniq_josephine
D:12:     layout_irregular_city, enter_trove_0
D:13:     layout_basic
D:14:     layout_roguey, david_vaults_2, hangedman_decor_peaks_small
D:15:     hangedman_depths_entry_try_elsewhere_first, layout_basic,
          minmay_misc_feat_plants
Temple:   corrupted_temple
Lair:1:   layout_cave_pods, gauntlet_entry_generic,
          nicolae_volcano_entry_s_turn, minivault_27, uniq_erica
Lair:2:   layout_gridlike, swamp_mist, forest_entry_grove
Lair:3:   layout_misc_corridors
Lair:4:   layout_concentric_octagons, guppyfry_snake_entry_island
Lair:5:   layout_cave_pods, dpeg_slime_entry_corner, grunt_megastairs_1,
          uniq_snorg
Lair:6:   hangedman_lair_in_review, layout_regular_city
Snake:1:  layout_onion_interference, serial_shops, shop
Snake:2:  gammafunk_its_a_trap, layout_basic, uniq_aizul, uniq_nikola
Orc:1:    nicolae_orc_accident_3, layout_caves, basic_altar
Orc:2:    st_orc_congregation, layout_diamond_mine

Skill      XL: |  1  2  3  4  5  6  7  8  9 10 11 12 13 14 15 |
---------------+----------------------------------------------+-----
Axes           | 3 4 5 8 9 10 12 13 14 16 17 18 | 18.7
Fighting       | 4 5 7 8 9 10 11 12 13 14 | 14.2
Dodging        | 1 2 3 5 6 7 8 10 11 12 | 12.7
Shields        | 4 5 7 8 9 10 11 12 13 14 | 14.0
Armour         | 4 6 7 8 9 10 11 12 13 14 | 14.1
Evocations     | 1 0 |  0.0

Action                   |  1- 3 |  4- 6 |  7- 9 | 10-12 | 13-15 || total
-------------------------+-------+-------+-------+-------+-------++-------
Melee: War axe           |    90 |   160 |   388 |   481 |  1369 ||  2488
       Headbutt          |    12 |    25 |    67 |   115 |   313 ||   532
Invok: Sacrifice Experie |       |     1 |       |       |       ||     1
       Sacrifice Artific |       |       |     1 |       |       ||     1
       Apocalypse        |       |       |       |    10 |     6 ||    16
       Power Leap        |       |       |       |     2 |     5 ||     7
       Sacrifice Arcana  |       |       |       |     1 |       ||     1
       Sacrifice Essence |       |       |       |     1 |       ||     1
       Sacrifice Stealth |       |       |       |     1 |       ||     1
  Use: Scroll            |       |       |    14 |     8 |    16 ||    38
       Potion            |       |       |     1 |     5 |     4 ||    10
 Stab: Invisible         |       |       |     1 |     4 |    14 ||    19
       Paralysed         |       |       |       |    15 |     8 ||    23
       Distracted        |       |       |       |     1 |     3 ||     4
       Petrified         |       |       |       |       |     4 ||     4
  Eat: Chunk             |       |     7 |    14 |    14 |    32 ||    67
       Ration            |       |       |     1 |     1 |     4 ||     6
Armor: Scale mail        |     9 |       |       |       |       ||     9
       Plate armour      |    66 |    97 |   155 |   159 |   302 ||   779
Dodge: Dodged            |    32 |    35 |    82 |    96 |   322 ||   567
Block: Shield            |    55 |    81 |   235 |   339 |  1003 ||  1713
       Reflection        |       |       |     5 |    16 |    36 ||    57
